 Dungeon Crawl Stone Soup version 0.31-a0-1009-g454b1f1e0a (webtiles) character file.

Game seed: 11099659216898308055

3012 senseless the Grappler (level 9, -1/68 HPs)
             Began as a Gnoll Shapeshifter on Nov 13, 2023.
             Was a Priest of Okawaru.
             Killed from afar by an electric eel (12 damage)
             ... with a bolt of electricity
             ... on level 7 of the Dungeon.
             The game lasted 00:13:37 (6198 turns).

senseless the Grappler (Gnoll Shapeshifter)         Turns: 6198, Time: 00:13:38

Health: -1/68      AC: 10    Str: 18    XL:     9   Next: 85%
Magic:  16/16      EV: 13    Int: 10    God:    Okawaru [***...]
Gold:   154        SH:  5    Dex: 11    Spells: 15/17 levels left

rFire   + . .        H - +1 broad axe (chaos)
rCold   . . .        (no shield)
rNeg    . . .        G - +3 acid dragon scales
rPois   .            (helmet currently unavailable)
rElec   .            (cloak currently unavailable)
rCorr   +            (gloves currently unavailable)
SInv    .            (boots currently unavailable)
Will    .....        o - amulet of reflection
Stlth   ++           g - ring of flight
HPRegen 0.31/turn    t - ring of protection from fire
MPRegen 0.15/turn

%: reflection
@: beast-form, flying
A: beast (slay +4), fangs 1, strong nose, distributed training
a: Begin Untransformation, Renounce Religion, Heroism


You were on level 7 of the Dungeon.
You worshipped Okawaru.
Okawaru was most pleased with you.
You were a hulking beast.
You visited 2 branches of the dungeon, and saw 8 of its levels.

You collected 280 gold pieces.
You spent 126 gold pieces at shops.

Inventory:

Hand Weapons
 z - a +2 short sword of draining
 H - a +1 broad axe of chaos (weapon)
Missiles
 w - 4 poisoned darts
Armour
 f - a +0 helmet
 i - a +0 cloak
 j - a +0 pair of gloves
 l - a +3 leather armour of poison resistance
 n - a +2 hat
 r - the +0 robe of Habli {rF+ rC+ Dex+3}
   (You found it on level 3 of the Dungeon)

   Dex+3:     It affects your dexterity (+3).
   rF+:       It protects you from fire.
   rC+:       It protects you from cold.
 E - a +1 helmet
 G - +3 acid dragon scales (worn)
Jewellery
 g - a ring of flight (left hand)
 o - an amulet of reflection (around neck)
 q - a ring of ice
 t - a ring of protection from fire (right hand)
 x - a ring of see invisible
Talismans
 c - a beast talisman
 d - a flux talisman
 h - a serpent talisman
 C - a blade talisman
Wands
 s - a wand of flame (2) (quivered)
 v - a wand of roots (5)
 A - a wand of digging (5)
 J - a wand of mindburst (16)
Scrolls
 a - 5 scrolls of teleportation
 e - a scroll of amnesia
 y - 2 scrolls of immolation
Potions
 b - a potion of lignification
 k - a potion of ambrosia
 m - 2 potions of heal wounds
 p - 3 potions of cancellation
 u - 4 potions of curing
 B - a potion of berserk rage
 D - a potion of mutation {unknown}
 K - a potion of resistance {unknown}
 L - a potion of might {unknown}


   Skills:
 + Level 5.4 Fighting
 + Level 4.7 Short Blades
 + Level 4.7 Long Blades
 + Level 4.7 Axes
 + Level 4.7 Maces & Flails
 + Level 4.7 Polearms
 + Level 4.7 Staves
 + Level 4.7 Ranged Weapons
 + Level 4.7 Throwing
 + Level 4.7 Armour
 + Level 6.6 Dodging
 + Level 4.7 Stealth
 + Level 4.7 Shields
 + Level 8.1 Unarmed Combat
 + Level 4.7 Spellcasting
 + Level 3.9 Conjurations
 + Level 3.9 Hexes
 + Level 3.9 Summonings
 + Level 3.9 Necromancy
 + Level 3.9 Translocations
 + Level 3.9 Transmutations
 + Level 3.9 Fire Magic
 + Level 3.9 Ice Magic
 + Level 3.9 Air Magic
 + Level 3.9 Earth Magic
 + Level 3.9 Poison Magic
 + Level 5.2 Invocations
 + Level 4.7 Evocations
 + Level 7.9 Shapeshifting


You had 15 spell levels left.
You knew the following spells:

 Your Spells              Type           Power      Damage    Failure   Level
a - Scorch                Fire           20%        2d5       9%          2

Your spell library contained the following spells:

 Spells                   Type           Power      Damage    Failure   Level
 Kiss of Death            Conj/Necr      40%        2d8       6%          1
 Wereblood                Tmut           10%        N/A       9%          2
 Confusing Touch          Hex            10%        N/A       19%         3
 Dispel Undead            Necr           10%        3d9       52%         4
 Flame Wave               Conj/Fire      10%        2d6       52%         4
 Petrify                  Tmut/Erth      10%        N/A       52%         4
 Eringya's Noxious Bog    Tmut/Pois      5%         4d6       100%        6
 Summon Cactus Giant      Summ           Unusable   N/A       N/A         6

Dungeon Overview and Level Annotations

Branches:
Dungeon (7/15)             Temple (1/1) D:5

Altars:
Cheibriados
Dithmenos
Elyvilon
Kikubaaqudgha
Makhleb
Nemelex Xobeh
Okawaru
Qazlal
Ru
Sif Muna
Trog
Uskayaw
Vehumet
Wu Jian
Xom
Yredelemnul
Zin

Shops:
D:4 *   D:5 (?*[


Innate Abilities, Weirdness & Mutations

You are a hulking beast.
Your limbs bulge with bestial killing power. (Slay +4)
You have very sharp teeth.
Your uncanny sense of smell can sniff out nearby items.
Your experience applies equally to all skills.


Message History

You slash the electric eel! You burn the electric eel.
The electric eel is severely wounded.
The electric eel shoots out a bolt of lightning at you!
The bolt of electricity hits you!
You closely miss the electric eel. You bite the electric eel.
The electric eel is almost dead.
The electric eel shoots out a bolt of lightning at you!
The bolt of electricity hits you!
You are too injured to fight recklessly!
You are too injured to fight recklessly!
You are too injured to fight recklessly!
You are too injured to fight recklessly!
You are too injured to fight recklessly!
You are too injured to fight recklessly!
You are too injured to fight recklessly!
You are too injured to fight recklessly!
You are too injured to fight recklessly!
You are too injured to fight recklessly!
You are too injured to fight recklessly!
You are too injured to fight recklessly!
You are too injured to fight recklessly!
You are too injured to fight recklessly!
You are too injured to fight recklessly!
You are too injured to fight recklessly!
You are too injured to fight recklessly!
You are too injured to fight recklessly!
You are too injured to fight recklessly!
You are too injured to fight recklessly!
You closely miss the electric eel.
The electric eel is almost dead.
The electric eel shoots out a bolt of lightning at you!
The bolt of electricity hits you!
The electric eel shoots out a bolt of lightning at you!
The bolt of electricity hits you!
* * * LOW HITPOINT WARNING * * *
You miss the electric eel.
The electric eel is almost dead.
The electric eel shoots out a bolt of lightning at you!
The bolt of electricity hits you!
You die...

..##### #.##.≈.≈.≈.≈,*
#.....## #.##..≈...≈..#*
#####..####.#.≈...≈...≈.**
# ##...#...≈.≈.≈.≈.≈.≈,* #
###......≈...≈...≈.,** #
##...≈...≈...≈...~,*
##.≈.≈.≈.≈.≈.≈.≈,~*
#...≈...≈...≈...~,*
##)....≈.h.≈...≈.,,*
########..##.≈.≈.S.≈.≈.≈,,*
..............≈...≈...≈.*,*
*#####...###....≈...≈..#*,*
#####...## ##..≈.≈.≈.≈..,,*
.......## ###.≈...≈...,**
######.# #######..#** *
##.# *.## * #..# *******,*


You could see an electric eel.

Vanquished Creatures
  Maggie (D:6)
  Prince Ribbit (D:5)
  Sigmund (D:3)
  A steam dragon (D:7)
  Duvessa (D:5)
  A water moccasin (D:4)
  2 black bears
  2 ice beasts
  3 centaurs
  2 ogres
  A phantom (D:5)
  2 bullfrogs (D:7)
  2 scorpions (D:6)
  Dowan (D:5)
  2 gnoll boudas (D:5)
  2 jellies
  Crazy Yiuf (D:5)
  7 hounds
  5 orc wizards
  4 iguanas
  Ijyb (D:3)
  5 adders
  14 gnolls
  A shadow imp (D:5)
  2 worms
  14 orcs
  8 ball pythons
  A bat (D:2)
  5 endoplasms
  A giant cockroach (D:1)
  2 goblins
  11 hobgoblins
  6 quokkas
  2 frilled lizards
  6 kobolds
  3 rats
124 creatures vanquished.

Notes
Turn   | Place    | Note
-------+----------+-------------------------------------------
     0 | D:1      | senseless the Gnoll Shapeshifter began the quest for the
                  | Orb.
     0 | D:1      | Reached XP level 1. HP: 17/17 MP: 1/1
   218 | D:1      | Reached XP level 2. HP: 23/23 MP: 2/2
   684 | D:2      | Reached XP level 3. HP: 26/28 MP: 2/4
   733 | D:2      | Found a shimmering altar of Xom.
   854 | D:2      | Reached skill level 1 in Invocations
   941 | D:2      | Reached skill level 1 in Short Blades
   941 | D:2      | Reached skill level 1 in Long Blades
   941 | D:2      | Reached skill level 1 in Axes
   941 | D:2      | Reached skill level 1 in Maces & Flails
   941 | D:2      | Reached skill level 1 in Polearms
   941 | D:2      | Reached skill level 1 in Staves
   941 | D:2      | Reached skill level 1 in Ranged Weapons
   941 | D:2      | Reached skill level 1 in Throwing
   941 | D:2      | Reached skill level 1 in Armour
   941 | D:2      | Reached skill level 1 in Stealth
   941 | D:2      | Reached skill level 1 in Shields
   941 | D:2      | Reached skill level 1 in Spellcasting
   941 | D:2      | Reached skill level 1 in Evocations
  1162 | D:3      | Reached XP level 4. HP: 34/34 MP: 5/5
  1167 | D:3      | Noticed Sigmund
  1177 | D:3      | Killed Sigmund
  1178 | D:3      | Reached skill level 1 in Conjurations
  1178 | D:3      | Reached skill level 1 in Hexes
  1178 | D:3      | Reached skill level 1 in Summonings
  1178 | D:3      | Reached skill level 1 in Necromancy
  1178 | D:3      | Reached skill level 1 in Translocations
  1178 | D:3      | Reached skill level 1 in Transmutations
  1178 | D:3      | Reached skill level 1 in Fire Magic
  1178 | D:3      | Reached skill level 1 in Ice Magic
  1178 | D:3      | Reached skill level 1 in Air Magic
  1178 | D:3      | Reached skill level 1 in Earth Magic
  1178 | D:3      | Reached skill level 1 in Poison Magic
  1178 | D:3      | Reached XP level 5. HP: 34/41 MP: 5/7
  1208 | D:3      | Found a basalt altar of Yredelemnul.
  1337 | D:3      | Noticed an ice beast
  1347 | D:3      | Killed an ice beast
  1348 | D:3      | Reached skill level 5 in Dodging
  1348 | D:3      | Reached XP level 6. HP: 41/47 MP: 7/9
  1501 | D:3      | Identified the +0 robe of Habli {rF+ rC+ Dex+3}
  1675 | D:3      | Found a burning altar of Makhleb.
  1684 | D:3      | Noticed Ijyb
  1691 | D:3      | Killed Ijyb
  2099 | D:4      | Learned a level 2 spell: Scorch
  2122 | D:4      | Noticed a water moccasin
  2129 | D:4      | Killed a water moccasin
  2130 | D:4      | Reached skill level 7 in Unarmed Combat
  2130 | D:4      | Reached XP level 7. HP: 52/52 MP: 10/10
  2212 | D:4      | Found Kol Wety's Elemental Accessories.
  2293 | D:4      | Found an ancient bone altar of Kikubaaqudgha.
  2527 | D:5      | Identified the "Qaisanwo"
  2527 | D:5      | Entered Level 5 of the Dungeon
  2529 | D:5      | Found Xasifaor's Magic Scroll Shop.
  2538 | D:5      | Bought a scroll of identify for 28 gold pieces
  2538 | D:5      | Bought a scroll of teleportation for 42 gold pieces
  2538 | D:5      | Bought a scroll of immolation for 56 gold pieces
  2571 | D:5      | Found Fijopuc's Antique Weapon Emporium.
  2603 | D:5      | Found a white marble altar of Elyvilon.
  2639 | D:5      | Found a staircase to the Ecumenical Temple.
  2651 | Temple   | Entered the Ecumenical Temple
  2680 | Temple   | Became a worshipper of Warmaster Okawaru
  2997 | D:5      | Reached XP level 8. HP: 60/60 MP: 12/12
  3001 | D:5      | Noticed Duvessa
  3006 | D:5      | Reached * piety under Okawaru
  3018 | D:5      | Killed Duvessa
  3023 | D:5      | Noticed Dowan
  3212 | D:5      | Found a radiant altar of Vehumet.
  3399 | D:5      | Killed Dowan
  3535 | D:5      | Noticed Prince Ribbit
  3547 | D:5      | Killed Prince Ribbit
  3677 | D:5      | Found Oheask's Armour Shop.
  3693 | D:5      | Found Pabecuaq's Assorted Antiques.
  3779 | D:5      | Found a runed translucent door.
  3780 | D:5      | Noticed Crazy Yiuf
  4096 | D:5      | Killed Crazy Yiuf
  4293 | D:6      | Reached ** piety under Okawaru
  4326 | D:6      | Reached XP level 9. HP: 52/66 MP: 14/14
  4793 | D:6      | Reached skill level 5 in Fighting
  5203 | D:6      | Noticed Maggie
  5226 | D:6      | Killed Maggie
  5375 | D:6      | Reached skill level 8 in Unarmed Combat
  5661 | D:7      | Reached *** piety under Okawaru
  5662 | D:7      | Reached skill level 5 in Invocations
  6198 | D:7      | Killed from afar by an electric eel

Illustrated notes

Levels and vault maps discovered:
D:1:      minmay_arrival_checkered_box, layout_rooms
D:2:      layout_basic, basic_altar
D:3:      layout_basic, bloody_makhleb, lemuel_doored_altar, uniq_sigmund,
          uniq_ijyb
D:4:      layout_cave_pools, mainiacjoe_overflow_alcove_2,
          nicolae_elemental_shop
D:5:      layout_loops_corners, fiery_altar_vehumet, elyvilon_altar_4,
          minmay_temple_entry_antechambers, serial_shops,
          nicolae_shop_window_shopping, shop, nicolae_square_shop, shop,
          hangedman_abyss_or_decor_lesser_grid, uniq_duvessa,
          uniq_prince_ribbit1, uniq_crazy_yiuf_cottage
D:6:      layout_basic, hangedman_decor_growths, minmay_strange_pillars,
          uniq_maggie
D:7:      layout_rooms, kennysheep_doodads, hangedman_decor_opposing,
          minmay_misc_feat_ornament, kennysheep_generic_room_13
Temple:   grunt_temple_mini_profane

Skill      XL: |  1  2  3  4  5  6  7  8  9 |
---------------+----------------------------+-----
Invocations    | 1 2 3 4 5 |  5.2
Short Blades   | 1 2 3 4 |  4.7
Long Blades    | 1 2 3 4 |  4.7
Axes           | 1 2 3 4 |  4.7
Maces & Flails | 1 2 3 4 |  4.7
Polearms       | 1 2 3 4 |  4.7
Staves         | 1 2 3 4 |  4.7
Ranged Weapons | 1 2 3 4 |  4.7
Throwing       | 1 2 3 4 |  4.7
Armour         | 1 2 3 4 |  4.7
Stealth        | 1 2 3 4 |  4.7
Shields        | 1 2 3 4 |  4.7
Spellcasting   | 1 2 3 4 |  4.7
Evocations     | 1 2 3 4 |  4.7
Fighting       | 3 4 5 |  5.4
Conjurations   | 1 2 3 |  3.9
Hexes          | 1 2 3 |  3.9
Summonings     | 1 2 3 |  3.9
Necromancy     | 1 2 3 |  3.9
Translocations | 1 2 3 |  3.9
Transmutations | 1 2 3 |  3.9
Fire Magic     | 1 2 3 |  3.9
Ice Magic      | 1 2 3 |  3.9
Air Magic      | 1 2 3 |  3.9
Earth Magic    | 1 2 3 |  3.9
Poison Magic   | 1 2 3 |  3.9
Dodging        | 5 6 |  6.6
Unarmed Combat | 7 8 |  8.1
Shapeshifting  | 7 |  7.9

Action                     |  1- 3 |  4- 6 |  7- 9 || total
---------------------------+-------+-------+-------++-------
  Melee: Unarmed           |    72 |    49 |    27 ||   148
         Punch             |     2 |     1 |    12 ||    15
         Bite              |     6 |     4 |    29 ||    39
         Short sword       |       |       |   225 ||   225
         Broad axe         |       |       |    50 ||    50
  Evoke: Wand              |       |     5 |       ||     5
    Use: Scroll            |       |       |    15 ||    15
         Potion            |       |       |     1 ||     1
   Stab: Sleeping          |       |     1 |     6 ||     7
         Distracted        |       |       |     1 ||     1
 Armour: Animal skin       |    13 |       |       ||    13
         Leather armour    |    16 |    18 |   109 ||   143
         Acid dragon scale |       |       |    54 ||    54
  Dodge: Dodged            |    40 |    21 |   165 ||   226
  Block: Other             |     5 |    11 |    57 ||    73
         Reflection        |       |     1 |     2 ||     3

Table legend: (Time is in decaauts)
 A = Elapsed time spent in this place.
 B = Non-inter-level travel time spent in this place.
 C = Inter-level travel time spent in this place.
 D = Time resting spent in this place.
 E = Time spent auto-exploring this place.
 F = Levels seen in this place.
 G = Mean time per level.
                   A        B        C        D        E       F      G
               +--------+--------+--------+--------+--------+-----+--------+
         Total |   6151 |   5800 |    351 |      5 |   4802 |   8 |  768.9 |
       Dungeon |   6097 |   5797 |    300 |      5 |   4802 |   7 |  871.0 |
        Temple |     53 |      2 |     51 |      0 |      0 |   1 |   53.0 |
               +--------+--------+--------+--------+--------+-----+--------+

Top non-repeatable levels by time:
     D:5: 1675 daAuts
     D:6: 1259 daAuts
     D:3: 847 daAuts
     D:7: 657 daAuts
     D:4: 585 daAuts
     D:2: 584 daAuts
     D:1: 488 daAuts
  Temple: 53 daAuts
